[Event "Team 45 45 League T72"]
[Site "Internet Chess Club"]
[Date "2017.04.14"]
[Round "5"]
[White "PolishRyszard"]
[Black "tryanything"]
[Result "1/2-1/2"]
[WhiteElo "1766"]
[BlackElo "1614"]
[Opening "Trompowsky attack (Ruth, Opocenský opening)"]
[ECO "A45"]
[Time "05:00:41"]
[TimeControl "2700+45"]

1. d4 Nf6 2. Bg5 e6 3. e4 h6 4. Bxf6 gxf6 5. Nc3 Bb4 6. Ne2 d5 7. a3 Bxc3+ 8.
Nxc3 dxe4 9. Nxe4 f5 10. Nc3 Nc6 11. d5 Ne5 12. Qd4 Qf6 13. O-O-O O-O 14. Be2 a6
15. h3 Nd7 16. f4 Qxd4 17. Rxd4 Nf6 18. Bf3 exd5 19. Nxd5 Nxd5 20. Bxd5 c6 21.
Bf3 Be6 22. Rhd1 Kg7 23. Rb4 Ra7 24. a4 Kf6 25. a5 Ke7 26. Rbd4 Raa8 27. b3 Rfd8
28. Kb2 Rxd4 29. Rxd4 Rd8 30. Rxd8 Kxd8 31. b4 Kc7 32. Kc3 Kd6 33. Kd4 f6 34. c4
Bc8 35. Bh5 Be6 36. Be2 Bc8 37. Bd3 Bd7 38. Bc2 Be6 39. Bd3 Bd7 40. Be2 Bc8 41.
Bh5 Bd7 42. Be2 Bc8 {Game drawn by repetition} 1/2-1/2

[Event "Team 45 45 League T72"]
[Site "Internet Chess Club"]
[Date "2017.04.15"]
[Round "5"]
[White "clarinetref"]
[Black "KidRattler"]
[Result "0-1"]
[WhiteElo "1532"]
[BlackElo "1622"]
[Opening "Bird's opening"]
[ECO "A03"]
[Time "19:30:06"]
[TimeControl "2700+45"]

1. f4 d5 2. Nf3 Nf6 3. e3 Bf5 4. g3 e6 5. Bg2 Nbd7 6. d3 c5 7. O-O Bd6 8. Nc3 a6
9. Qe2 Bg4 10. h3 Bxf3 11. Qxf3 Qc7 12. e4 dxe4 13. dxe4 e5 14. Be3 O-O-O 15.
Rad1 Nb6 16. Rd2 Nc4 17. Nd5 Nxd2 18. Bxd2 Nxd5 19. exd5 exf4 20. Qg4+ Qd7 21.
gxf4 Qxg4 22. hxg4 Rde8 23. Rf2 Re7 24. c4 Rhe8 25. Kf1 g5 26. f5 Bg3 27. d6
Bxf2 28. dxe7 Bd4 29. Bxg5 f6 30. Bc1 Rxe7 31. Bd5 Be3 32. Bxe3 Rxe3 33. Kf2 Rd3
34. Ke2 Rd4 35. g5 fxg5 36. f6 Rf4 37. f7 b6 38. Ke3 Kd7 39. b3 Ke7 40. a3 a5
41. a4 h5 42. Ke2 Rxf7 43. Be4 Rf4 44. Bg6 h4 45. Ke3 Kf6 46. Bh5 Ke5 47. Be8 h3
48. Bc6 h2 49. Bd5 Rf1 {White resigns} 0-1

[Event "Team 45 45 League T72"]
[Site "Internet Chess Club"]
[Date "2017.04.17"]
[Round "5"]
[White "Goli"]
[Black "Elalfer"]
[Result "1-0"]
[WhiteElo "1777"]
[BlackElo "1589"]
[Opening "Sicilian: Alapin's variation (2.c3)"]
[ECO "B22"]
[Time "14:40:06"]
[TimeControl "2700+45"]

1. e4 c5 2. c3 g6 3. d4 b6 4. Nf3 Bb7 5. d5 Bg7 6. Bd3 Nf6 7. O-O O-O 8. c4 d6
9. Nc3 Na6 10. a3 Nd7 11. Bf4 Nc7 12. Qc1 a6 13. Bh6 Ne5 14. Nxe5 dxe5 15. Bxg7
Kxg7 16. f4 exf4 17. Qxf4 e6 18. Rf3 f5 19. Rh3 h5 20. exf5 exf5 21. Re1 Ne8 22.
Rhe3 Qd6 23. Re7+ Rf7 24. Qh4 Qf6 25. Rxf7+ Kxf7 26. Qg3 f4 27. Qf3 Bc8 28. Ne4
Bg4 29. Nxf6 Bxf3 30. Nxe8 Bxd5 31. Nd6+ Kf6 32. cxd5 Rd8 33. Re6+ {Black
resigns} 1-0

[Event "Team 45 45 League T72"]
[Site "Internet Chess Club"]
[Date "2017.04.19"]
[Round "5"]
[White "krysto"]
[Black "Egmont"]
[Result "0-1"]
[WhiteElo "1571"]
[BlackElo "1688"]
[Opening "QGD Slav: 5.e3 (Alekhine variation)"]
[ECO "D15"]
[Time "12:14:07"]
[TimeControl "2700+45"]

1. d4 d5 2. c4 c6 3. Nf3 Nf6 4. Nc3 dxc4 5. e3 b5 6. a4 b4 7. Nb1 Ba6 8. Nbd2 c3
9. Bxa6 cxd2+ 10. Bxd2 Nxa6 11. Ne5 e6 12. Nxc6 Qd5 13. Rc1 Qxg2 14. Rf1 Ng4 15.
Nxa7 Nxh2 16. Qe2 Qxf1+ 17. Qxf1 Nxf1 18. Nb5 Nxd2 {White resigns} 0-1

[Event "Team 45 45 League T72"]
[Site "Internet Chess Club"]
[Date "2017.04.14"]
[Round "5"]
[White "julesraider"]
[Black "scostanzo212"]
[Result "0-1"]
[WhiteElo "1632"]
[BlackElo "1573"]
[Opening "QGD Slav: Dutch variation"]
[ECO "D18"]
[Time "19:01:53"]
[TimeControl "2700+45"]

1. d4 d5 2. c4 c6 3. Nf3 Nf6 4. Nc3 dxc4 5. a4 Bf5 6. e3 e6 7. Bxc4 Bb4 8. O-O
O-O 9. h3 Nbd7 10. Bd2 h6 11. Re1 a5 12. Na2 Bxd2 13. Nxd2 Qb8 14. Nc3 Nb6 15.
Ba2 Bh7 16. e4 Rd8 17. Nf3 c5 18. Qb3 cxd4 19. e5 Nfd5 20. Nxd4 Nb4 21. Ncb5
N6d5 22. Nd6 Rxd6 23. exd6 Qxd6 24. Bb1 Bxb1 25. Raxb1 Nf4 26. Nb5 Qc6 27. Qg3
Nfd3 28. Red1 Rd8 29. Rbc1 Qe4 30. Rc7 Qe2 31. Nc3 Qxb2 32. Qf3 Rf8 33. Rxd3
Nxd3 34. Qxd3 Qc1+ 35. Kh2 Qf4+ 36. Qg3 Qb4 37. h4 Rd8 38. Qe5 Qxh4+ 39. Kg1 Rd2
40. Rc8+ Kh7 41. g3 Qg4 42. Qc5 Rc2 43. Qxa5 Qf3 44. Rd8 Qxf2+ 45. Kh1 Qg2#
{White checkmated} 0-1

[Event "Team 45 45 League T72"]
[Site "Internet Chess Club"]
[Date "2017.04.15"]
[Round "5"]
[White "Pawnchain"]
[Black "losscause"]
[Result "1-0"]
[WhiteElo "1429"]
[BlackElo "1458"]
[Opening "Queen's pawn: London system"]
[ECO "A45"]
[Time "14:03:38"]
[TimeControl "2700+45"]

1. d4 Nf6 2. Bf4 e6 3. Nf3 d5 4. e3 Nh5 5. Be5 Nd7 6. Nbd2 Nhf6 7. Bg3 Nh5 8.
Bd3 Bb4 9. c3 Bd6 10. Nh4 Nxg3 11. hxg3 c5 12. Qg4 h5 13. Qxg7 {Black resigns}
1-0

[Event "Team 45 45 League T72"]
[Site "Internet Chess Club"]
[Date "2017.04.14"]
[Round "5"]
[White "Covy"]
[Black "LinceHispano44"]
[Result "0-1"]
[WhiteElo "1935"]
[BlackElo "1748"]
[Opening "Nimzo-Indian: 4.e3 e8g8, 5.Nf3 d7d5"]
[ECO "E51"]
[Time "20:00:34"]
[TimeControl "2700+45"]

1. d4 Nf6 2. c4 e6 3. Nc3 d5 4. Nf3 Bb4 5. e3 O-O 6. Be2 b6 7. O-O Ba6 8. cxd5
Bxe2 9. Qxe2 exd5 10. Bd2 Re8 11. Ne5 Nfd7 12. Nxd7 Qxd7 13. Nxd5 Bxd2 14. Nxc7
Qxc7 15. Qxd2 Nd7 16. Rfc1 Qb7 17. Rc3 Rac8 18. Rac1 Nf6 19. Qc2 Rxc3 20. bxc3
Rc8 21. c4 h6 22. h3 Ne4 23. a4 Nd6 24. a5 Rxc4 {White resigns} 0-1

[Event "Team 45 45 League T72"]
[Site "Internet Chess Club"]
[Date "2017.04.17"]
[Round "5"]
[White "Rhel"]
[Black "Agarnez"]
[Result "0-1"]
[WhiteElo "1801"]
[BlackElo "1959"]
[Opening "Queen's pawn: London system"]
[ECO "A45"]
[Time "17:00:30"]
[TimeControl "2700+45"]

1. d4 Nf6 2. Bf4 d5 3. e3 c5 4. Nf3 Qb6 5. Nc3 Bg4 6. Nb5 Na6 7. dxc5 Qxc5 8. c3
Nd7 9. Qb3 Bxf3 10. gxf3 e5 11. Bg3 f6 {White resigns} 0-1

[Event "Team 45 45 League T72"]
[Site "Internet Chess Club"]
[Date "2017.04.14"]
[Round "5"]
[White "ChessRooklift"]
[Black "KidRattler"]
[Result "1-0"]
[WhiteElo "1747"]
[BlackElo "1609"]
[Opening "KGA: Cunningham defense"]
[ECO "C35"]
[Time "18:06:51"]
[TimeControl "2700+45"]

1. e4 e5 2. f4 exf4 3. Nf3 Be7 4. Bc4 d6 5. O-O Nf6 6. d3 Nc6 7. Bxf4 O-O 8. a4
Na5 9. Ba2 c5 10. Nbd2 Be6 11. c3 Bxa2 12. Rxa2 Qb6 13. h3 Rac8 14. Kh1 Rfd8 15.
Qe2 Rd7 16. Bh2 Nb3 17. Nc4 Qa6 18. e5 dxe5 19. Nfxe5 Rdd8 20. Ra3 Na5 21. Nxa5
Qxa5 22. Nc4 Qa6 23. Qxe7 Re8 24. Qd6 Rc6 25. Qf4 Rce6 26. Raa1 R8e7 27. Qf3 h6
28. Bg1 b6 29. Bh2 Qc8 30. Rad1 Qa6 31. Ra1 Qc8 32. Qf5 Qc6 33. Qf3 Qd7 34. Bg3
Nh7 35. Qd1 Qd5 36. Qf3 Qd7 37. Bh4 g5 38. Bg3 Rf6 39. Qd1 Rfe6 40. b3 Nf6 41.
Ra2 Nd5 42. Qg4 Nxc3 43. Raf2 Nd5 44. Ne5 Ne3 45. Nxd7 Nxg4 46. Nf6+ Nxf6 47.
Rxf6 Rxf6 48. Rxf6 Kg7 49. Rd6 Re3 50. Bf2 Re2 51. Kg1 Rb2 52. d4 Rxb3 53. dxc5
bxc5 54. Bxc5 h5 55. Rd7 Kg6 56. Rxa7 Rc3 57. Ra6+ Kf5 58. Rf6+ Ke5 59. Be7 Rc1+
60. Rf1 Rc7 61. a5 g4 62. h4 f5 63. Re1+ Kd4 64. Bd8 Rc8 65. a6 Kd3 66. Ra1 Kc2
67. a7 Ra8 68. Bc7 Kb2 69. Ra5 Kc3 70. Bb8 f4 71. Rf5 f3 72. gxf3 gxf3 73. Kf2
Kd3 74. Kxf3 Kd4 75. Rxh5 Kc4 76. Ke4 Kb4 77. Rd5 Kc4 78. h5 Kb4 79. Kd4 Ka4 80.
Kc4 Ka3 81. h6 Ka2 82. Rb5 Ka3 83. h7 Ka2 84. Ra5+ Kb1 85. h8=Q Kc2 86. Qh2+ Kc1
87. Ra1# {Black checkmated} 1-0

[Event "Team 45 45 League T72"]
[Site "Internet Chess Club"]
[Date "2017.04.15"]
[Round "5"]
[White "captainX"]
[Black "Monterrey"]
[Result "0-1"]
[WhiteElo "2037"]
[BlackElo "1938"]
[Opening "Queen's pawn game"]
[ECO "D00"]
[Time "18:03:44"]
[TimeControl "2700+45"]

1. d4 Nf6 2. Nc3 d5 3. Bf4 g6 4. Nf3 Bg7 5. e3 O-O 6. Bd3 c5 7. O-O cxd4 8. exd4
Nc6 9. Ne2 Qb6 10. Rb1 Nb4 11. c3 Nxd3 12. Qxd3 Bf5 13. Qd2 Bxb1 14. Rxb1 Ne4
15. Qe3 Rac8 16. Bh6 Bxh6 17. Qxh6 Qf6 18. Ne5 Rfd8 19. f3 Nd6 20. Rf1 Nc4 21.
f4 Nd2 22. Rd1 Ne4 23. Rf1 e6 24. Ng4 Qg7 25. Qh4 h5 26. Ne5 f6 27. Nf3 Rc6 28.
g4 hxg4 29. Qxg4 Kf7 30. Nc1 Rg8 31. Nd3 Ke7 32. Kh1 Qh6 {White resigns} 0-1

[Event "Team 45 45 League T72"]
[Site "Internet Chess Club"]
[Date "2017.04.14"]
[Round "5"]
[White "LooneyBinJim"]
[Black "TheRailgun"]
[Result "0-1"]
[WhiteElo "1758"]
[BlackElo "1863"]
[Opening "Sicilian: Najdorf, Poisoned pawn variation"]
[ECO "B97"]
[Time "20:01:40"]
[TimeControl "2700+45"]

1. e4 c5 2. Nf3 d6 3. d4 cxd4 4. Nxd4 Nf6 5. Nc3 a6 6. Bg5 e6 7. f4 Qb6 8. Qd2
Qxb2 9. Rb1 Qa3 10. f5 Nc6 11. fxe6 fxe6 12. Nxc6 bxc6 13. e5 dxe5 14. Bxf6 gxf6
15. Ne4 Qxa2 16. Rd1 Be7 17. Be2 O-O 18. O-O Ra7 19. Nxf6+ Bxf6 20. Rxf6 Rxf6
21. Qg5+ Rg6 22. Rd8+ Kf7 23. Qe3 Rd7 24. Qf3+ Rf6 25. Qh5+ Rg6 26. Qxh7+ Rg7
27. Bh5+ Ke7 28. Rxd7+ Bxd7 29. Qxg7+ Kd6 30. Qf8+ Kc7 31. Bg6 Qa1+ 32. Kf2 Qd4+
33. Kg3 a5 34. h4 a4 35. Qf3 Qf4+ {White resigns} 0-1

[Event "Team 45 45 League T72"]
[Site "Internet Chess Club"]
[Date "2017.04.16"]
[Round "5"]
[White "kamalchandran"]
[Black "achessman"]
[Result "1-0"]
[WhiteElo "1933"]
[BlackElo "1889"]
[Opening "Caro-Kann: classical variation"]
[ECO "B18"]
[Time "23:13:33"]
[TimeControl "2700+45"]

1. e4 c6 2. d4 d5 3. Nc3 dxe4 4. Nxe4 Bf5 5. Ng3 Bg6 6. Nf3 Nd7 7. Bc4 e6 8. Bf4
Ngf6 9. c3 Nd5 10. Bxd5 cxd5 11. h4 h6 12. Qa4 a6 13. O-O Be7 14. h5 Bh7 15. Ne5
b5 16. Qd1 Nxe5 17. Bxe5 O-O 18. a4 Bd6 19. Qe2 Bxe5 20. Qxe5 Qb8 21. Qe2 b4 22.
f4 bxc3 23. bxc3 Qb3 24. Rf3 Rfc8 25. Rc1 Rc4 26. f5 exf5 27. Qe5 Qb7 28. Nxf5
Bxf5 29. Rxf5 Rxa4 30. Rcf1 Rf8 31. Rxf7 Rxf7 32. Qe8+ Kh7 33. Rxf7 Ra1+ 34. Kh2
Qb1 35. Rf8 Qh1+ 36. Kg3 Qe1+ 37. Qxe1 Rxe1 38. Ra8 Re3+ 39. Kf4 Rxc3 40. Rxa6
Rd3 41. Ke5 Rg3 42. Kxd5 Rxg2 43. Ke6 Rg5 44. d5 Rxh5 45. d6 Rg5 46. Ra4 Rg6+
47. Ke7 Rxd6 48. Kxd6 Kg6 49. Ke6 Kg5 50. Ra5+ Kf4 51. Kf7 g5 52. Kg6 g4 53. Kh5
Kf3 54. Kh4 h5 55. Rf5+ Kg2 56. Rxh5 g3 57. Rg5 Kh2 58. Rxg3 Kh1 59. Rg8 Kh2 60.
Rg7 Kh1 61. Kg3 Kg1 62. Rf7 {Black resigns} 1-0

[Event "Team 45 45 League T72"]
[Site "Internet Chess Club"]
[Date "2017.04.14"]
[Round "5"]
[White "Holgate"]
[Black "charles-allen"]
[Result "1-0"]
[WhiteElo "2011"]
[BlackElo "1846"]
[Opening "Petrov: classical attack, Berger variation"]
[ECO "C42"]
[Time "09:00:45"]
[TimeControl "2700+45"]

1. e4 e5 2. Nf3 Nf6 3. Nxe5 d6 4. Nf3 Nxe4 5. d4 d5 6. Bd3 Nc6 7. O-O Be7 8. Re1
Bg4 9. c3 f5 10. Nbd2 O-O 11. Qb3 Kh8 12. Qxb7 Rf6 13. Qb3 Rb8 14. Qc2 Rg6 15.
b4 Qd6 16. b5 Nd8 17. Ne5 Bh4 18. g3 Bh5 19. Nf1 Rb6 20. Bf4 Qf8 21. Ne3 Nf7 22.
Nxg6+ Rxg6 23. Nxf5 Bg5 24. Bxe4 Bxf4 25. Nh4 dxe4 26. Nxg6+ Bxg6 27. gxf4 Nd6
28. Qc1 Bh5 29. Re3 Nf5 30. Rxe4 Qf7 31. Re3 h6 32. Qd2 Nh4 33. Qd3 Bg6 34. Qf1
Qxf4 35. Qh3 Nf5 36. Rae1 Nxe3 37. Qxe3 Qg4+ 38. Qg3 Qf5 39. Qxc7 Qg4+ 40. Qg3
Qf5 41. d5 Bf7 42. d6 Bd5 43. h3 h5 44. Kh2 Kh7 45. Re5 Qb1 {Black resigns} 1-0

[Event "Team 45 45 League T72"]
[Site "Internet Chess Club"]
[Date "2017.04.14"]
[Round "5"]
[White "fledermaus"]
[Black "Agarnez"]
[Result "1/2-1/2"]
[WhiteElo "1783"]
[BlackElo "1949"]
[Opening "QGD: 4.Nf3"]
[ECO "D37"]
[Time "16:03:00"]
[TimeControl "2700+45"]

1. Nf3 Nf6 2. c4 e6 3. d4 d5 4. Nc3 Nbd7 5. Bg5 h6 6. Bh4 Bb4 7. e3 c5 8. cxd5
exd5 9. Bd3 c4 10. Bf5 Qa5 11. Qc2 O-O 12. O-O Re8 13. a3 Bxc3 14. bxc3 Ne4 15.
Bxe4 Rxe4 16. Bg3 Re8 17. Rfe1 Nf6 18. Nd2 Bd7 19. f3 Bc6 20. e4 Nh5 21. e5 Nxg3
22. hxg3 Qa4 23. Qb2 b6 24. g4 Bd7 25. Nf1 Qc6 26. Ne3 f6 27. exf6 gxf6 28. Qc2
Kg7 29. Nf1 Rxe1 30. Rxe1 Re8 31. Rxe8 Bxe8 32. Ng3 Bg6 33. Nh5+ Bxh5 34. gxh5
Qe8 35. Qf5 Qe1+ 36. Kh2 Qh4+ 37. Kg1 Qe1+ 38. Kh2 {Game drawn by mutual
agreement} 1/2-1/2

[Event "Team 45 45 League T72"]
[Site "Internet Chess Club"]
[Date "2017.04.14"]
[Round "5"]
[White "drbishop"]
[Black "LazyPeon"]
[Result "1-0"]
[WhiteElo "1702"]
[BlackElo "1561"]
[Opening "Benoni defense"]
[ECO "A56"]
[Time "15:07:21"]
[TimeControl "2700+45"]

1. d4 Nf6 2. c4 c5 3. e3 g6 4. Nf3 Bg7 5. Be2 O-O 6. O-O cxd4 7. exd4 d5 8. Nc3
Nc6 9. b3 Bg4 10. Be3 Rc8 11. Rc1 Na5 12. c5 b6 13. b4 Nc4 14. Nxd5 Nxd5 15.
Bxc4 Nxb4 16. cxb6 axb6 17. Qb3 Nc6 18. Ba6 Ra8 19. Be2 Be6 20. Qb5 Na5 21. Rfd1
Qd6 22. d5 Bd7 23. Qxb6 Qxb6 24. Bxb6 Rfb8 25. Bc5 e6 26. d6 Nb7 27. Bb6 Rxa2
28. Bc7 Rba8 29. Kf1 e5 30. Rb1 Nc5 31. Bc4 Rc2 32. Bd5 Rc8 33. Ng5 Be6 34. Bxe6
fxe6 35. d7 Nxd7 36. Rxd7 R2xc7 37. Rxc7 Rxc7 38. Rb8+ Bf8 39. Rxf8+ Kxf8 40.
Nxe6+ Ke7 41. Nxc7 Kd6 42. Nb5+ Kd5 43. Nc3+ Kd4 44. Ne2+ Kd5 45. Ke1 Ke4 46.
Kd2 h5 47. Kc3 h4 48. Kc4 g5 49. Nc3+ Kf4 50. Kd5 g4 51. Ne2+ Kf5 52. g3 hxg3
53. hxg3 Kf6 54. Nc3 Kf5 55. Ne4 Kg6 56. Kxe5 {Black resigns} 1-0

[Event "Team 45 45 League T72"]
[Site "Internet Chess Club"]
[Date "2017.04.15"]
[Round "5"]
[White "LookImYourVader"]
[Black "WillC"]
[Result "1/2-1/2"]
[WhiteElo "1761"]
[BlackElo "1657"]
[Opening "Caro-Kann: exchange variation"]
[ECO "B13"]
[Time "15:04:45"]
[TimeControl "2700+45"]

1. e4 c6 2. d4 d5 3. exd5 Qxd5 4. c4 Qa5+ 5. Bd2 Qc7 6. Bd3 Nf6 7. Nc3 Bg4 8. f3
Bh5 9. Nge2 e6 10. Qc2 Bg6 11. Ne4 Nxe4 12. fxe4 Bd6 13. c5 Be7 14. O-O Nd7 15.
b4 a6 16. Nf4 O-O 17. d5 exd5 18. exd5 Bxd3 19. Qxd3 cxd5 20. Nxd5 Qd8 21. Rae1
Bf6 22. Qf3 Bd4+ 23. Kh1 Ne5 24. Qe4 Nc6 25. Nb6 Re8 26. Qf5 Rxe1 27. Qxf7+ Kh8
28. Bxe1 Rb8 29. Nd7 Ne5 30. Qf8+ Qxf8 31. Rxf8+ Rxf8 32. Nxf8 Nd3 33. Ne6 Be3
34. Bg3 Nxb4 35. Be5 Nxa2 36. Bxg7+ Kg8 37. Be5 Nb4 38. Nd8 Bxc5 39. Nxb7 Bb6
40. Bb2 Kf7 41. Nd6+ Ke6 42. Nc4 Bc7 43. Kg1 a5 44. h3 Kd5 45. Ne3+ Ke4 46. Ng4
Bd8 47. Bc3 h5 48. Nf6+ Bxf6 49. Bxf6 a4 50. Be7 Nc2 51. Kf2 a3 52. Bxa3 Nxa3
53. Kg3 Kf5 54. Kh4 Kg6 55. g4 {Game drawn by mutual agreement} 1/2-1/2

[Event "Team 45 45 League T72"]
[Site "Internet Chess Club"]
[Date "2017.04.15"]
[Round "5"]
[White "justice02"]
[Black "parrot9"]
[Result "1/2-1/2"]
[WhiteElo "1612"]
[BlackElo "1697"]
[Opening "Caro-Kann: Steinitz variation"]
[ECO "B17"]
[Time "12:26:31"]
[TimeControl "2700+45"]

1. e4 c6 2. d4 d5 3. Nd2 dxe4 4. Nxe4 Nd7 5. Bc4 e6 6. c3 Ngf6 7. Ng3 a6 8. Nf3
b5 9. Bb3 Bb7 10. Qe2 c5 11. Bg5 Be7 12. O-O O-O 13. Rad1 Qc7 14. Rfe1 Bd6 15.
dxc5 Bxc5 16. Be3 Rfd8 17. Bc2 Rac8 18. a3 Ne5 19. Rxd8+ Rxd8 20. Nxe5 Qxe5 21.
Bxc5 Qxc5 22. Ne4 Nxe4 23. Bxe4 Bxe4 24. Qxe4 g6 25. Kf1 Rd2 26. Re2 Rd1+ 27.
Re1 Rd2 28. Re2 Rd1+ 29. Re1 Rd2 {Game drawn by repetition} 1/2-1/2

[Event "Team 45 45 League T72"]
[Site "Internet Chess Club"]
[Date "2017.04.25"]
[Round "5"]
[White "SlimeDog2"]
[Black "cadmiumorange"]
[Result "1/2-1/2"]
[WhiteElo "2061"]
[BlackElo "1841"]
[Opening "Robatsch defense: Rossolimo variation"]
[ECO "A40"]
[Time "06:03:11"]
[TimeControl "2700+45"]

1. d4 g6 2. c4 Bg7 3. Nf3 d6 4. e4 Bg4 5. Be2 Nc6 6. d5 Bxf3 7. Bxf3 Nd4 8. O-O
c5 9. dxc6 bxc6 10. Nc3 e5 11. Be3 Ne7 12. g3 O-O 13. Bg2 Rb8 14. b3 c5 15. Qd2
f5 16. Bg5 Bf6 17. Bh6 Bg7 18. Bg5 Bf6 19. Bh6 Bg7 20. Bg5 {Game drawn by
repetition} 1/2-1/2

[Event "Team 45 45 League T72"]
[Site "Internet Chess Club"]
[Date "2017.04.12"]
[Round "5"]
[White "cityprosecutor"]
[Black "Rhel"]
[Result "0-1"]
[WhiteElo "1688"]
[BlackElo "1811"]
[Opening "Scandinavian: Pytel-Wade variation"]
[ECO "B01"]
[Time "18:07:42"]
[TimeControl "2700+45"]

1. e4 d5 2. exd5 Qxd5 3. Nc3 Qd6 4. d4 Nf6 5. Nf3 c6 6. g3 Bg4 7. Bg2 e6 8. O-O
Be7 9. Bf4 Qd8 10. h3 Bh5 11. g4 Bg6 12. Ne5 Nbd7 13. Nc4 O-O 14. Nd6 Bxd6 15.
Bxd6 Re8 16. Bg3 Nb6 17. Ne2 h6 18. c3 Be4 19. Be5 Bxg2 20. Kxg2 Nc4 21. Bxf6
Qxf6 22. Qc2 Rad8 23. Rae1 Nb6 24. a3 Nd5 25. Qe4 e5 26. dxe5 Rxe5 27. Qf3 Qxf3+
28. Kxf3 Rde8 29. Rg1 Nf4 30. Kxf4 Rxe2 31. Rb1 Rxf2+ 32. Kg3 Ree2 33. b4 Ra2
34. Rb3 Rab2 35. Rxb2 Rxb2 36. Kf4 Rb3 37. Rg3 Rxa3 38. Ke5 a5 39. bxa5 Rxa5+
40. Kd6 Rd5+ 41. Kc7 Rb5 42. Re3 Kh7 43. h4 Kg6 44. Rf3 f6 45. Kd6 f5 46. gxf5+
Rxf5 47. Rg3+ Kf6 48. Kc7 g5 49. hxg5+ hxg5 50. Kxb7 Rc5 51. Kc7 Kf5 52. Kd6 Rc4
53. Rf3+ Ke4 54. Rg3 Kf4 55. Rd3 g4 {White resigns} 0-1

[Event "Team 45 45 League T72"]
[Site "Internet Chess Club"]
[Date "2017.04.12"]
[Round "5"]
[White "qs16"]
[Black "ascoli"]
[Result "0-1"]
[WhiteElo "1621"]
[BlackElo "1662"]
[Opening "Queen's pawn game"]
[ECO "A45"]
[Time "15:01:36"]
[TimeControl "2700+45"]

1. d4 Nf6 2. Nd2 g6 3. e3 Bg7 4. Bd3 O-O 5. f4 d5 6. Ngf3 Nc6 7. c3 a6 8. O-O b5
9. b3 b4 10. c4 dxc4 11. Bxc4 Bf5 12. Bb2 Ne4 13. Rc1 Nc3 14. Bxc3 bxc3 15. Rxc3
Nxd4 16. Rc1 Nb5 17. e4 Bg4 18. Qc2 Na3 19. Qd3 Qxd3 20. Bxd3 Rfd8 21. Bb1 Nxb1
22. Nxb1 c5 23. e5 Rac8 24. Nbd2 Bh6 25. g3 Rd3 26. Kg2 Rcd8 27. Ne4 Re3 28.
Rce1 Bxf3+ 29. Rxf3 Rxe1 30. Nxc5 Rd2+ 31. Kh3 Rh1 32. f5 Rhxh2+ 33. Kg4 Rd4+
34. Rf4 Bxf4 35. gxf4 h5+ 36. Kg5 Rg2+ 37. Kh6 h4 38. e6 fxe6 39. fxg6 h3 {White
resigns} 0-1

[Event "Team 45 45 League T72"]
[Site "Internet Chess Club"]
[Date "2017.04.15"]
[Round "5"]
[White "Fianchettoed"]
[Black "AVEMARIA"]
[Result "0-1"]
[WhiteElo "1735"]
[BlackElo "1718"]
[Opening "QGD Slav: 3.Nf3"]
[ECO "D11"]
[Time "10:00:35"]
[TimeControl "2700+45"]

1. d4 d5 2. c4 c6 3. Nf3 Nf6 4. g3 Bf5 5. Bg2 e6 6. Qb3 Qb6 7. O-O dxc4 8. Qxb6
axb6 9. Nc3 Nbd7 10. Nd2 b5 11. e4 Bg4 12. h3 Bh5 13. d5 Ne5 14. g4 Bg6 15. f4
Bc5+ 16. Kh1 Nd3 17. f5 exd5 18. exd5 h5 19. fxg6 hxg4 20. gxf7+ Kf8 21. Nde4 b4
22. Nxf6 gxf6 23. Ne4 gxh3 24. Bf3 Bd4 25. dxc6 bxc6 26. Nd6 c3 27. bxc3 bxc3
28. Rb1 Nf2+ 29. Rxf2 Bxf2 30. Bxc6 c2 31. Rb5 Rd8 32. Ba3 Kg7 33. Rg5+ fxg5
{White resigns} 0-1

[Event "Team 45 45 League T72"]
[Site "Internet Chess Club"]
[Date "2017.04.15"]
[Round "5"]
[White "az2112"]
[Black "idjit"]
[Result "0-1"]
[WhiteElo "1642"]
[BlackElo "1632"]
[Opening "Queen's pawn: Torre attack"]
[ECO "A46"]
[Time "16:00:57"]
[TimeControl "2700+45"]

1. d4 Nf6 2. Nf3 e6 3. Bg5 h6 4. Bh4 d6 5. c4 c5 6. e3 Nc6 7. Nc3 Qb6 8. Bxf6
gxf6 9. Qd2 cxd4 10. exd4 Bd7 11. d5 Ne5 12. Be2 Be7 13. O-O Rg8 14. b3 O-O-O
15. Kh1 Nxf3 16. Bxf3 e5 17. Bh5 Rg7 18. f4 Rdg8 19. fxe5 fxe5 20. Bxf7 Rxg2 21.
Qxg2 Rxg2 22. Kxg2 Qd4 23. Ne2 Qe4+ 24. Kf2 Bg4 25. Be6+ Bxe6 26. dxe6 Qf5+ 27.
Kg2 Qe4+ 28. Kf2 Qf5+ 29. Kg2 Qe4+ 30. Kf2 Qf5+ 31. Kg1 Qe4 32. Ng3 Qg4 33. Kh1
Qxe6 34. Nf5 Kc7 35. Nxe7 Qxe7 36. Rad1 Kc6 37. Rd5 a6 38. a4 b5 39. axb5+ axb5
40. Rxb5 e4 41. Rd5 e3 42. Re1 Qe4+ 43. Kg1 Qg4+ {White resigns} 0-1

[Event "Team 45 45 League T72"]
[Site "Internet Chess Club"]
[Date "2017.04.15"]
[Round "5"]
[White "crazyhorses"]
[Black "ChessMaine"]
[Result "0-1"]
[WhiteElo "1374"]
[BlackElo "1498"]
[Opening "QGD: Lasker defense"]
[ECO "D56"]
[Time "05:32:58"]
[TimeControl "2700+45"]

1. d4 d5 2. c4 e6 3. Nc3 Nf6 4. Bg5 Be7 5. e3 O-O 6. Nf3 h6 7. Bh4 Ne4 8. Bxe7
Qxe7 9. Rc1 Nxc3 10. Rxc3 b6 11. Bd3 dxc4 12. Bxc4 Bb7 13. O-O Nd7 14. Qc2 c5
15. Bb5 cxd4 16. Nxd4 Rfc8 17. Rc7 Qg5 18. g3 Nf6 19. Rc1 Qd5 20. f3 e5 21. Bc6
Rxc7 22. Bxd5 Rxc2 23. Rxc2 Bxd5 {White resigns} 0-1

[Event "Team 45 45 League T72"]
[Site "Internet Chess Club"]
[Date "2017.04.17"]
[Round "5"]
[White "seattleblues"]
[Black "Kingofknights"]
[Result "1/2-1/2"]
[WhiteElo "1313"]
[BlackElo "1500"]
[Opening "Mieses opening"]
[ECO "A00"]
[Time "20:04:25"]
[TimeControl "2700+45"]

1. d3 d5 2. d4 Nf6 3. Nf3 c5 4. c3 cxd4 5. cxd4 Nc6 6. e3 Qc7 7. Nc3 a6 8. b3
Bg4 9. Be2 e6 10. h3 Bh5 11. O-O Rc8 12. Bb2 Bb4 13. Rc1 Ne7 14. Nxd5 Qa5 15.
Nxe7 Rxc1 16. Qxc1 Kxe7 17. Qb1 Rc8 18. a4 Bg6 19. Bd3 Qd5 20. Bxg6 hxg6 21. Ba1
Qc6 22. Ne5 Qb6 23. Nd3 Bd6 24. Rc1 Rc6 25. Rxc6 Qxc6 26. Qc1 Qxc1+ 27. Nxc1 Nd5
28. Bb2 f5 29. Nd3 b5 30. axb5 axb5 31. Kf1 g5 32. g3 Nf6 33. Nc5 Nd5 34. Nd3
Kd7 35. Kg2 Nf6 36. f3 Nd5 37. Kf2 g6 38. e4 Ne7 39. Nc5+ Bxc5 40. dxc5 Nc6 41.
Bc3 Ke7 42. b4 e5 43. Ke3 Ke6 44. f4 exf4+ 45. gxf4 gxf4+ 46. Kxf4 fxe4 47. Kxe4
g5 48. Bd2 Kd7 49. Kd5 Ne7+ 50. Ke5 Nc6+ 51. Kf5 Nd4+ 52. Kxg5 Nf3+ 53. Kg4 Nxd2
54. h4 Ne4 55. h5 Nf6+ 56. Kg5 Ke7 57. h6 Kf7 58. c6 Nd5 59. Kf5 Ne7+ 60. Ke5
Nxc6+ 61. Kd5 Nxb4+ 62. Kc5 Nd3+ 63. Kxb5 Kg6 64. h7 Kxh7 {Game drawn because
neither player has mating material} 1/2-1/2

[Event "Team 45 45 League T72"]
[Site "Internet Chess Club"]
[Date "2017.04.16"]
[Round "5"]
[White "yuanbao2007"]
[Black "noblitz-oblige"]
[Result "1/2-1/2"]
[WhiteElo "1163"]
[BlackElo "1439"]
[Opening "Two knights defense (Modern bishop's opening)"]
[ECO "C55"]
[Time "10:00:16"]
[TimeControl "2700+45"]

1. e4 e5 2. Nf3 Nc6 3. Bc4 Nf6 4. d3 h6 5. Be3 d5 6. exd5 Nxd5 7. Nbd2 Nxe3 8.
fxe3 Bc5 9. Qe2 O-O 10. c3 Bg4 11. O-O Bh5 12. d4 exd4 13. cxd4 Bb6 14. Qf2 Qe7
{Game drawn by mutual agreement} 1/2-1/2